 Dungeon Crawl Stone Soup version 0.31.0-11-ge490571c62 (webtiles) character file.

Game seed: 9918938752276356822

2 firemarshallily the Ducker (level 1, -1/15 HPs)
             Began as a Minotaur Hedge Wizard on Feb 9, 2024.
             Frozen to death by an endoplasm (4 damage)
             ... on level 1 of the Dungeon.
             The game lasted 00:00:36 (87 turns).

firemarshallily the Ducker (Minotaur Hedge Wizard)    Turns: 87, Time: 00:00:37

Health: -1/15      AC:  2    Str: 14    XL:     1   Next: 33%
Magic:  2/2        EV: 12    Int: 11    God:
Gold:   0          SH:  0    Dex:  9    Spells: 3/4 levels left

rFire   . . .        a - +0 dagger
rCold   . . .        (no shield)
rNeg    . . .        b - +0 robe
rPois   .            c - +0 hat
rElec   .            (no cloak)
rCorr   .            (no gloves)
SInv    .            (no boots)
Will    .....        (no amulet)
Stlth   +            (no ring)
HPRegen 0.22/turn    (no ring)
MPRegen 0.08/turn

%: no passive effects
@: no status effects
A: horns 2, retaliatory headbutt
a: no special abilities


You were on level 1 of the Dungeon.
You visited 1 branch of the dungeon, and saw 1 of its levels.

Inventory:

Hand Weapons
 a - a +0 dagger (weapon)
Armour
 b - a +0 robe (worn)
 c - a +0 hat (worn)
 e - a +0 chain mail
Scrolls
 g - a scroll of immolation {unknown}
Potions
 d - a potion of magic
 f - a potion of brilliance {unknown}


   Skills:
 * Level 0.7 Fighting
 + Level 0.3 Armour
 - Level 2.1 Dodging
 - Level 1.5 Stealth
 - Level 2.1 Spellcasting
 - Level 0.6 Conjurations
 - Level 0.6 Summonings
 - Level 0.6 Translocations


You had 3 spell levels left.
You knew the following spells:

 Your Spells              Type           Power      Damage    Failure   Level
a - Magic Dart            Conj           8%         1d3       22%         1

Your spell library contained the following spells:

 Spells                   Type           Power      Damage    Failure   Level
 Slow                     Hex            4%         N/A       28%         1
 Blink                    Tloc           4%         N/A       34%         2
 Call Imp                 Summ           4%         N/A       34%         2
 Cigotuvi's Dreadful Rot  Necr/Alch/Air  2%         N/A       41%         2
 Mephitic Cloud           Conj/Alch/Air  1%         N/A       63%         3


Dungeon Overview and Level Annotations

Branches:
Dungeon (1/15)

Altars:


Innate Abilities, Weirdness & Mutations

You have a pair of horns on your head.
You reflexively headbutt those who attack you in melee.


Message History

Found a storm talisman.
g - a scroll labelled ONOVUFRYHI A kobold comes into view.
It is wielding a +0 dagger.
Found a mace.
The kobold shouts!
You hear an angry hiss.
A ball python comes into view.
An endoplasm comes into view.
The kobold hits you with a +0 dagger.
A hobgoblin comes into view.
The hobgoblin shouts!
You hit the ball python.
The ball python is severely wounded.
The ball python misses you. The ball python grabs you.
The ball python constricts you. The kobold hits you with a +0 dagger.
You hit the ball python.
You kill the ball python!
The kobold barely misses you. You furiously retaliate!
You headbutt the kobold, but do no damage.
You hit the kobold but do no damage. The kobold hits you with a +0 dagger.
You hit the kobold.
The kobold is moderately wounded.
The kobold hits you with a +0 dagger.
You barely miss the kobold. Your punch misses the kobold.
The kobold is moderately wounded.
The kobold hits you with a +0 dagger.
* * * LOW HITPOINT WARNING * * *
You closely miss the kobold.
The kobold is moderately wounded.
The kobold barely misses you. The endoplasm barely misses you.
You hit the kobold.
You kill the kobold!
The endoplasm freezes you.
You are frozen.
* * * LOW HITPOINT WARNING * * *
The hobgoblin closely misses you.
You hit the endoplasm. Your headbutt misses the endoplasm.
The endoplasm is lightly wounded.
The endoplasm freezes you.
You are frozen.
You die...

.#.......# #.#
#......##########.#
#.#............##.#.
#####.#...%.............
...............#####'###
............########.###
...........## #.......
......J...## #.........
......)@..# #....#####.
......g...# ...########
.........## ..##.......
.........# . #..~~.~~.
...).#...# #.~~...~~
##.#.###.# #.~~.<.~~ #.#
#.# #.~~...~~ # .#
#..~~~~~. . ##.......


You could see an endoplasm and a hobgoblin.

Vanquished Creatures
  A quokka (D:1)
  A ball python (D:1)
  A kobold (D:1)
3 creatures vanquished.

Notes
Turn   | Place    | Note
-------+----------+-------------------------------------------
     0 | D:1      | firemarshallily the Minotaur Hedge Wizard began the quest
                  | for the Orb.
     0 | D:1      | Reached XP level 1. HP: 14/14 MP: 2/2
    87 | D:1      | Frozen to death by an endoplasm

Illustrated notes

Levels and vault maps discovered:
D:1:      dpeg_arrival_concentric_ovals, layout_rooms, serial_shops,
          nicolae_shop_overgrown_old_shop

Action                     || total
---------------------------++-------
  Melee: Dagger            ||    11
 Armour: Robe              ||     7
  Dodge: Dodged            ||     7
